| TOP OF THE 1ST |
|
Louisville Bats batting - Pitching for Memphis Redbirds : RHP Keith Anter
|
|
Pitching: RHP Keith Anter
|
|
|
Batting: RHB Solange Le Coq
|
0-0: Ball 1-0: DOUBLE (Flyball, 78XD, EV 113.1 MPH)
|
|
Batting: LHB Satoru Handa
|
0-0: SINGLE (Line Drive, 56D, EV 96.2 MPH) Solange Le Coq to third
|
|
Batting: RHB Chase Briney
|
0-0: Called Strike Satoru Handa steals 2nd, throwing error, E2 Solange Le Coq scores Satoru Handa to third 0-1: Swinging Strike 0-2: Foul Ball, location: 2F 0-2: Strikes out swinging
|
|
Batting: RHB Stephen Charbonneau
|
0-0: Ground out 6-3 (Groundball, 6, EV 102.5 MPH) Satoru Handa scores
|
|
Batting: LHB David Cruz
|
0-0: Ball 1-0: Ball 2-0: Ball 3-0: Called Strike 3-1: Base on Balls
|
|
Batting: SHB Paul Sandoval
|
0-0: Ball 1-0: Foul Ball, location: 2F 1-1: Foul Ball, location: 2F 1-2: Ball 2-2: SINGLE (Groundball, 6MD, EV 101.2 MPH) David Cruz to second Runner from 2nd tries for 3rd, SAFE, throw by CF made to third
|
|
Batting: RHB Chris Zamora
|
0-0: Called Strike Paul Sandoval is caught stealing 2nd base 2-4
|
| Top of the 1st over - 2 runs, 3 hits, 1 error, 1 left on base; Louisville 2 - Memphis 0 |
| BOTTOM OF THE 1ST |
|
Memphis Redbirds batting - Pitching for Louisville Bats : RHP Ragnar Alqvist
|
|
Pitching: RHP Ragnar Alqvist
|
|
|
Batting: SHB Luke Robbins
|
0-0: Ball 1-0: Called Strike 1-1: Ball 2-1: Foul Ball, location: 2F 2-2: Fly out, F8 (Flyball, 8RD, EV 86.9 MPH)
|
|
Batting: LHB Ichiro Toyota
|
0-0: Ball 1-0: Fly out, F9 (Line Drive, 9LM, EV 100.6 MPH)
|
|
Batting: LHB Frank Hill
|
0-0: Ball 1-0: Ball 2-0: Foul Ball, location: 2F 2-1: SINGLE (Line Drive, 8LS, EV 95.6 MPH)
|
|
Batting: LHB Shawn Morrison
|
0-0: Ball 1-0: Ball Frank Hill steals 2nd base (no throw) 2-0: 2-RUN HOME RUN (Flyball, 7D, EV 101.2 MPH), Distance : 374 ft
|
|
Batting: RHB Josh Martin
|
0-0: Fly out, F8 (Line Drive, 8RM, EV 94.4 MPH)
|
| Bottom of the 1st over - 2 runs, 2 hits, 0 errors, 0 left on base; Louisville 2 - Memphis 2 |
| TOP OF THE 2ND |
|
Louisville Bats batting - Pitching for Memphis Redbirds : RHP Keith Anter
|
|
Batting: RHB Chris Zamora
|
0-0: Foul Ball, location: 2F 0-1: Ground out 6-3 (Groundball, 6, EV 109.4 MPH)
|
|
Batting: RHB Colin Lord
|
0-0: Fly out, F7 (Line Drive, 7, EV 105.6 MPH)
|
|
Batting: RHB Steve Anderson
|
0-0: Ground out 4-3 (Groundball, 4D, EV 101.2 MPH)
|
| Top of the 2nd over - 0 runs, 0 hits, 0 errors, 0 left on base; Louisville 2 - Memphis 2 |
| BOTTOM OF THE 2ND |
|
Memphis Redbirds batting - Pitching for Louisville Bats : RHP Ragnar Alqvist
|
|
Batting: RHB John Parra
|
0-0: Ball 1-0: Ground out 3-1 (Groundball, 34S, EV 95.0 MPH)
|
|
Batting: RHB Jose Rivera
|
0-0: Hit by Pitch
|
|
Batting: RHB Rick O'Reilly
|
0-0: Called Strike 0-1: Swinging Strike 0-2: Foul Ball, location: 2F 0-2: Fly out, F9 (Flyball, 89M, EV 89.4 MPH)
|
|
Batting: SHB Jason Kirby
|
0-0: Called Strike 0-1: Ball 1-1: Foul Ball, location: 2F 1-2: Foul Ball, location: 2F 1-2: Strikes out swinging
|
| Bottom of the 2nd over - 0 runs, 0 hits, 0 errors, 1 left on base; Louisville 2 - Memphis 2 |
| TOP OF THE 3RD |
|
Louisville Bats batting - Pitching for Memphis Redbirds : RHP Keith Anter
|
|
Batting: RHB Solange Le Coq
|
0-0: Ball 1-0: Hit by Pitch
|
|
Batting: LHB Satoru Handa
|
0-0: Ball Solange Le Coq steals 2nd, throwing error, E2 Solange Le Coq to third 1-0: Fly out, F9 (Flyball, 9LD, EV 106.2 MPH)
|
|
Batting: RHB Chase Briney
|
0-0: Ball 1-0: Called Strike 1-1: Ball 2-1: Foul Ball, location: 2F 2-2: Strikes out swinging
|
|
Batting: RHB Stephen Charbonneau
|
0-0: Ball Wild Pitch! Solange Le Coq scores 1-0: Ball 2-0: Ground out 5-3 (Groundball, 5, EV 85.6 MPH)
|
| Top of the 3rd over - 1 run, 0 hits, 1 error, 0 left on base; Louisville 3 - Memphis 2 |
| BOTTOM OF THE 3RD |
|
Memphis Redbirds batting - Pitching for Louisville Bats : RHP Ragnar Alqvist
|
|
Batting: SHB Luke Robbins
|
0-0: Ball 1-0: Called Strike 1-1: Foul Ball, location: 2F 1-2: Ground out U3 (Groundball, 3L, EV 87.5 MPH)
|
|
Batting: LHB Ichiro Toyota
|
0-0: Ball 1-0: Foul Ball, location: 2F 1-1: Ball 2-1: Ball 3-1: Base on Balls
|
|
Batting: LHB Frank Hill
|
0-0: Called Strike Ichiro Toyota steals 2nd base 0-1: Called Strike 0-2: Foul Ball, location: 2F 0-2: Ground out 4-3 (Groundball, 4, EV 91.9 MPH) Ichiro Toyota to third
|
|
Batting: LHB Shawn Morrison
|
0-0: Ball 1-0: Fly out, F9 (Flyball, 9S, EV 83.1 MPH)
|
| Bottom of the 3rd over - 0 runs, 0 hits, 0 errors, 1 left on base; Louisville 3 - Memphis 2 |
| TOP OF THE 4TH |
|
Louisville Bats batting - Pitching for Memphis Redbirds : RHP Keith Anter
|
|
Batting: LHB David Cruz
|
0-0: Called Strike 0-1: Called Strike 0-2: Ball 1-2: Ball 2-2: Ball 3-2: Base on Balls
|
|
Batting: SHB Paul Sandoval
|
0-0: Foul Ball, location: 2F 0-1: Called Strike 0-2: Fly out, F9 (Flyball, 89M, EV 88.8 MPH)
|
|
Batting: RHB Chris Zamora
|
0-0: Fly out, F8 (Flyball, 8LS, EV 73.8 MPH)
|
|
Batting: RHB Colin Lord
|
0-0: Ball David Cruz is caught stealing 2nd base 2-4
|
| Top of the 4th over - 0 runs, 0 hits, 0 errors, 0 left on base; Louisville 3 - Memphis 2 |
| BOTTOM OF THE 4TH |
|
Memphis Redbirds batting - Pitching for Louisville Bats : RHP Ragnar Alqvist
|
|
Batting: RHB Josh Martin
|
0-0: Ball 1-0: Swinging Strike 1-1: Foul Ball, location: 2F 1-2: Foul Ball, location: 2F 1-2: Foul Ball, location: 2F 1-2: Ball 2-2: Ball 3-2: Ground out 5-3 (Groundball, 56, EV 93.1 MPH)
|
|
Batting: RHB John Parra
|
0-0: Foul Ball, location: 2F 0-1: Called Strike 0-2: Ball 1-2: Ball 2-2: Ball 3-2: Reached on error, E5 (Groundball, 56, EV 84.4 MPH)
|
|
Batting: RHB Jose Rivera
|
0-0: Ground out 6-3 (Groundball, P, EV 80.6 MPH) John Parra to second
|
|
Batting: RHB Rick O'Reilly
|
0-0: Ball 1-0: SINGLE (Groundball, 6MD, EV 94.4 MPH) John Parra to third Runner from 3rd tries for Home, SAFE, throw by CF to home
|
|
Batting: SHB Jason Kirby
|
0-0: Called Strike Rick O'Reilly steals 2nd base 0-1: Ball 1-1: SINGLE (Line Drive, 34D, EV 98.8 MPH) Rick O'Reilly to third Runner from 3rd tries for Home, SAFE, throw by RF to home
|
|
Batting: SHB Luke Robbins
|
0-0: Ball Jason Kirby steals 2nd base 1-0: Called Strike 1-1: Ground out 6-3 (Groundball, 6, EV 83.8 MPH)
|
| Bottom of the 4th over - 2 runs, 2 hits, 1 error, 1 left on base; Louisville 3 - Memphis 4 |
| TOP OF THE 5TH |
|
Louisville Bats batting - Pitching for Memphis Redbirds : RHP Keith Anter
|
|
Batting: RHB Colin Lord
|
0-0: Called Strike 0-1: Ball 1-1: Fly out, F8 (Flyball, 8RD, EV 93.1 MPH)
|
|
Batting: RHB Steve Anderson
|
0-0: Ground out 1-3 (Groundball, 25, EV 67.5 MPH)
|
|
Batting: RHB Solange Le Coq
|
0-0: Swinging Strike 0-1: Swinging Strike 0-2: Ball 1-2: Foul Ball, location: 2F 1-2: Strikes out swinging
|
| Top of the 5th over - 0 runs, 0 hits, 0 errors, 0 left on base; Louisville 3 - Memphis 4 |
| BOTTOM OF THE 5TH |
|
Memphis Redbirds batting - Pitching for Louisville Bats : RHP Ragnar Alqvist
|
|
Batting: LHB Ichiro Toyota
|
0-0: Called Strike 0-1: Foul Ball, location: 2F 0-2: Ball 1-2: Ball 2-2: Ball 3-2: Base on Balls
|
|
Batting: LHB Frank Hill
|
0-0: Ball 1-0: Ball Ichiro Toyota steals 2nd base 2-0: Ground out 3-1 (Groundball, 34S, EV 81.2 MPH) Ichiro Toyota to third
|
|
Batting: LHB Shawn Morrison
|
0-0: Ball 1-0: Swinging Strike 1-1: TRIPLE (Line Drive, 89XD, EV 100.6 MPH) Ichiro Toyota scores
|
|
Pitching: RHP Joaquin Villalobos
|
|
|
Batting: RHB Josh Martin
|
0-0: Ball 1-0: Called Strike 1-1: Ball 2-1: Called Strike 2-2: Foul Ball, location: 2F 2-2: Strikes out looking
|
|
Batting: RHB John Parra
|
0-0: Ball 1-0: Ball 2-0: Reached via error on a dropped throw from 1B, E1 (Groundball, 34, EV 105.6 MPH) Shawn Morrison scores
|
|
Batting: RHB Jose Rivera
|
Pickoff Throw to First - Out! 1-3 CS
|
| Bottom of the 5th over - 2 runs, 1 hit, 1 error, 0 left on base; Louisville 3 - Memphis 6 |
| TOP OF THE 6TH |
|
Louisville Bats batting - Pitching for Memphis Redbirds : RHP Keith Anter
|
|
Batting: LHB Satoru Handa
|
0-0: Foul Ball, location: 2F 0-1: DOUBLE (Groundball, 3L, EV 93.8 MPH)
|
|
Batting: RHB Chase Briney
|
0-0: Ball 1-0: Called Strike 1-1: Ball 2-1: Ball 3-1: Foul Ball, location: 2F 3-2: Foul Ball, location: 2F 3-2: Base on Balls
|
|
Batting: RHB Stephen Charbonneau
|
0-0: Called Strike 0-1: Ball 1-1: Fly out, F4 (Flyball, 34D, EV 83.8 MPH)
|
|
Batting: LHB David Cruz
|
0-0: Ball Satoru Handa is caught stealing 3rd base 2-5 1-0: Ground out 4-3 (Groundball, 4, EV 83.8 MPH)
|
| Top of the 6th over - 0 runs, 1 hit, 0 errors, 1 left on base; Louisville 3 - Memphis 6 |
| BOTTOM OF THE 6TH |
|
Memphis Redbirds batting - Pitching for Louisville Bats : RHP Joaquin Villalobos
|
|
Batting: RHB Jose Rivera
|
0-0: Ball 1-0: Fly out, F6 (Line Drive, 6, EV 66.9 MPH)
|
|
Batting: RHB Rick O'Reilly
|
0-0: Ball 1-0: Called Strike 1-1: Foul Ball, location: 2F 1-2: Strikes out swinging
|
|
Batting: SHB Jason Kirby
|
0-0: Ground out U3 (Groundball, 34, EV 84.4 MPH)
|
| Bottom of the 6th over - 0 runs, 0 hits, 0 errors, 0 left on base; Louisville 3 - Memphis 6 |
| TOP OF THE 7TH |
|
Louisville Bats batting - Pitching for Memphis Redbirds : RHP Keith Anter
|
|
Batting: SHB Paul Sandoval
|
0-0: Ball 1-0: Reaches on Catchers interference
|
|
Batting: RHB Chris Zamora
|
0-0: Ball 1-0: Swinging Strike 1-1: Called Strike 1-2: Foul Ball, location: 2F 1-2: Ball 2-2: Ball 3-2: Base on Balls Paul Sandoval to second
|
|
Batting: RHB Colin Lord
|
0-0: Called Strike 0-1: Ball 1-1: Sac Bunt to P - play at first, batter OUT! 1-3 Paul Sandoval to third Chris Zamora to second
|
|
Batting: RHB Steve Anderson
|
0-0: Called Strike 0-1: Ball 1-1: Ball 2-1: Fly out, F8 (Line Drive, 8LD, EV 106.2 MPH) Runner from 3rd tags up, SCORES, no throw by CF
|
|
Now at 3B: Dustin Clark
|
|
|
Now in LF: Frank Hill
|
|
|
Now in CF: Rick O'Reilly
|
|
|
Batting: RHB Solange Le Coq
|
0-0: Called Strike 0-1: Foul Ball, location: 2F 0-2: Strikes out swinging
|
| Top of the 7th over - 1 run, 0 hits, 1 error, 1 left on base; Louisville 4 - Memphis 6 |
| BOTTOM OF THE 7TH |
|
Memphis Redbirds batting - Pitching for Louisville Bats : RHP Joaquin Villalobos
|
|
Batting: SHB Luke Robbins
|
0-0: Swinging Strike 0-1: Ball 1-1: Foul Ball, location: 2F 1-2: Ball 2-2: Ground out 6-3 (Groundball, 6, EV 82.5 MPH)
|
|
Batting: RHB Dustin Clark
|
0-0: Ground out U3 (Groundball, 34S, EV 80.6 MPH)
|
|
Batting: LHB Frank Hill
|
0-0: Called Strike 0-1: Swinging Strike 0-2: Strikes out swinging
|
| Bottom of the 7th over - 0 runs, 0 hits, 0 errors, 0 left on base; Louisville 4 - Memphis 6 |
| TOP OF THE 8TH |
|
Louisville Bats batting - Pitching for Memphis Redbirds : RHP Keith Anter
|
|
Batting: LHB Satoru Handa
|
0-0: Ball 1-0: Foul Ball, location: 2F 1-1: Foul Ball, location: 2F 1-2: SINGLE (Groundball, 4MS, EV 64.4 MPH) (infield hit)
|
|
Pitching: RHP Billy McIntyre
|
|
|
Batting: RHB Chase Briney
|
0-0: Called Strike 0-1: Called Strike 0-2: Ball 1-2: Grounds into double play, 4-6-3 (Groundball, 4, EV 101.2 MPH)
|
|
Batting: RHB Stephen Charbonneau
|
0-0: Foul Ball, location: 2F 0-1: Called Strike 0-2: Strikes out swinging
|
| Top of the 8th over - 0 runs, 1 hit, 0 errors, 0 left on base; Louisville 4 - Memphis 6 |
| BOTTOM OF THE 8TH |
|
Memphis Redbirds batting - Pitching for Louisville Bats : RHP Joaquin Villalobos
|
|
Pitching: LHP Logan Moultry
|
|
|
Batting: LHB Shawn Morrison
|
0-0: Ball 1-0: Called Strike 1-1: DOUBLE (Flyball, 8LXD, EV 113.8 MPH)
|
|
Batting: RHB Josh Martin
|
0-0: Swinging Strike 0-1: Ball 1-1: Foul Ball, location: 2F 1-2: Strikes out swinging
|
|
Batting: RHB John Parra
|
0-0: Ball 1-0: Called Strike 1-1: Foul Ball, location: 2F 1-2: Foul Ball, location: 2F 1-2: 2-RUN HOME RUN (Flyball, 7LD, EV 95.6 MPH), Distance : 355 ft
|
|
Batting: RHB Jose Rivera
|
0-0: Ground out U3 (Groundball, 34S, EV 73.1 MPH)
|
|
Batting: RHB Rick O'Reilly
|
0-0: Foul Ball, location: 2F 0-1: Ball 1-1: Fly out, F9 (Flyball, 9LDF, EV 91.2 MPH)
|
| Bottom of the 8th over - 2 runs, 2 hits, 0 errors, 0 left on base; Louisville 4 - Memphis 8 |
| TOP OF THE 9TH |
|
Louisville Bats batting - Pitching for Memphis Redbirds : RHP Billy McIntyre
|
|
Pitching: RHP Mike Pemble
|
|
|
Batting: LHB David Cruz
|
0-0: Foul Ball, location: 2F 0-1: Ball 1-1: Foul Ball, location: 2F 1-2: Strikes out swinging
|
|
Batting: SHB Paul Sandoval
|
0-0: Ball 1-0: SINGLE (Groundball, 4MD, EV 95.0 MPH)
|
|
Batting: RHB Chris Zamora
|
0-0: Ball 1-0: Swinging Strike 1-1: Fly out, F9 (Flyball, 9S, EV 79.4 MPH)
|
|
Batting: RHB Colin Lord
|
0-0: Ball 1-0: Foul Ball, location: 2F 1-1: Foul Ball, location: 2F 1-2: Ball Pickoff Throw to First - Out! 1-3
|
| Top of the 9th over - 0 runs, 1 hit, 0 errors, 0 left on base; Louisville 4 - Memphis 8 |
|